 Dungeon Crawl Stone Soup version 0.30-a0-23-ge60ba3568b (webtiles) character file.

Game seed: 17327236941225730236

39 apoch the Ducker (level 3, -3/17 HPs)
             Began as a Felid Berserker on Aug 25, 2022.
             Was a Follower of Trog.
             Slain by a goblin
             ... wielding a +0 dagger
             ... led by Robin
              (4 damage)
             ... on level 2 of the Dungeon.
             The game lasted 00:02:19 (1066 turns).

apoch the Ducker (Felid Berserker)                  Turns: 1066, Time: 00:02:20

Health: -3/17      AC:  1    Str: 14 (15) XL:     3   Next: 26%
Magic:  4/4        EV: 18    Int:  5 (8)  God:    Trog [*.....]
Gold:   48         SH:  0    Dex: 13 (15) Spells: 2/2 levels left
                                        Lives:  0   Deaths: 0

rFire   . . .      SeeInvis +      - Unarmed
rCold   . . .      Faith    .    (shield unavailable)
rNeg    . . .      Spirit   .    (body armour unavailable)
rPois   .          Reflect  .    (helmet unavailable)
rElec   .          Harm     .    (cloak unavailable)
rCorr   .          Rampage  .    (gloves unavailable)
Will    .....                    (boots unavailable)
Stlth   ++........               b - amulet of the acrobat
HPRegen 0.05/turn                (no ring)
MPRegen 0.09/turn                (no ring)

@: mighty, quick
A: very small, claws 1, fangs 3, see invisible, speed 1, shaggy fur 1, stealthy
paws, no weapons or thrown items, no armour, multi-lived
a: Renounce Religion, Berserk


You were on level 2 of the Dungeon.
You worshipped Trog.
Trog was aware of your devotion.
You visited 1 branch of the dungeon, and saw 2 of its levels.

You collected 48 gold pieces.

Inventory:

Jewellery
 b - an amulet of the acrobat (around neck)
 d - an amulet of guardian spirit
Scrolls
 c - a scroll of brand weapon {unknown}
 e - 2 scrolls of teleportation {unknown}


   Skills:
 + Level 3.5 Fighting
 + Level 4.4 Dodging
 + Level 1.0 Stealth
 + Level 3.6 Unarmed Combat


You had 2 spell levels left.
You didn't know any spells.
Your spell library was empty.

Dungeon Overview and Level Annotations

Branches:
Dungeon (2/15)

Altars:


Innate Abilities, Weirdness & Mutations

You have sharp claws.
You have razor-sharp teeth.
You have supernaturally acute eyesight. (SInv)
You cover ground quickly. (Speed+)
You are covered in fur. (AC +1)
Your paws help you pounce on unaware monsters.
You are incapable of wielding weapons or throwing items.
You cannot wear armour.
You gain extra lives every three experience levels.


Message History

The goblin hits you with a +0 dagger.
You hear a shout! x3
You completely miss Robin. Your bite misses Robin.
Robin is moderately wounded.
You hear a shout!
You hear an angry hiss.
The goblin misses you. Robin misses you.
You scratch Robin.
Robin is heavily wounded.
The goblin misses you. Robin hits you with a +0 whip.
* * * LOW HITPOINT WARNING * * *
You scratch Robin.
Robin is severely wounded.
Robin completely misses you. The goblin misses you.
You claw Robin!
You kill Robin!
Trog accepts your kill.
A goblin comes into view. It is wielding a +0 dagger.
The goblin hits you with a +0 dagger.
* * * LOW HITPOINT WARNING * * *
Your Stealth skill increases to level 1!
You have reached level 3!
Your experience leads to an increase in your attributes!
Increase (S)trength, (I)ntelligence, or (D)exterity?
You feel stronger. x2
It was a potion of degeneration.
There was something very wrong with that liquid.
You feel weakened.
You feel dopey.
You feel clumsy. The goblin completely misses you.
You scratch the goblin.
You kill the goblin!
Trog accepts your kill.
You closely miss the goblin. The goblin misses you.
You barely miss the goblin. The goblin hits you with a +0 dagger.
* * * LOW HITPOINT WARNING * * *
Okay, then.
It was a potion of might.
You feel very mighty all of a sudden.
A goblin comes into view. It is wielding a +0 dagger.
The goblin hits you with a +0 dagger.
You die...

..........................
#.##..#..###.#........#####
.....................#
###..#.###.######.#.#
#).....# #..........#
#.#....##########.###
#.#......)........#
.........###########.##
.........gg@)..).......
.......##g.##########.##
<.......###.).## ..#.######
###..# #...#.# #...#.###
#...#...#### #...###g...#
#... #..g.ggg..g


You could see a hobgoblin and 2 goblins.

Vanquished Creatures
  Robin (D:2)
  4 ball pythons
  2 bats (D:1)
  An endoplasm (D:1)
  9 goblins
  A hobgoblin (D:1)
  A frilled lizard (D:1)
  4 kobolds
  6 rats (D:1)
29 creatures vanquished.

Notes
Turn   | Place    | Note
-------+----------+-------------------------------------------
     0 | D:1      | apoch the Felid Berserker began the quest for the Orb.
     0 | D:1      | Reached XP level 1. HP: 10/10 MP: 2/2
    36 | D:1      | Found a faded altar of an unknown god.
   466 | D:1      | Reached XP level 2. HP: 13/14 MP: 3/3
  1027 | D:2      | Noticed Robin
  1061 | D:2      | Killed Robin
  1062 | D:2      | Reached skill level 1 in Stealth
  1062 | D:2      | Reached XP level 3. HP: 3/17 MP: 4/4
  1066 | D:2      | Slain by a goblin

Illustrated notes

Levels and vault maps discovered:
D:1:      onia_arrival_handbag, layout_basic, ebering_ecumenical_altar_webs
D:2:      layout_basic, uniq_robin, uniq_sigmund

Skill      XL: |  1  2 |
---------------+-------+-----
Stealth        | 1 |  1.0
Fighting       | |  3.5
Dodging        | |  4.4
Unarmed Combat | |  3.6

Action                   || total
-------------------------++-------
Melee: Unarmed           ||    75
       Bite              ||     4
       Punch             ||     2
  Use: Potion            ||     2
 Stab: Sleeping          ||     4
Armor: Skin              ||     8
Dodge: Dodged            ||    75

Table legend: (Time is in decaauts)
 A = Elapsed time spent in this place.
 B = Non-inter-level travel time spent in this place.
 C = Inter-level travel time spent in this place.
 D = Time resting spent in this place.
 E = Time spent auto-exploring this place.
 F = Levels seen in this place.
 G = Mean time per level.
                   A        B        C        D        E       F      G
               +--------+--------+--------+--------+--------+-----+--------+
         Total |    926 |    878 |     48 |    287 |    394 |   2 |  463.0 |
       Dungeon |    926 |    878 |     48 |    287 |    394 |   2 |  463.0 |
               +--------+--------+--------+--------+--------+-----+--------+

Top non-repeatable levels by time:
     D:1: 831 daAuts
     D:2: 95 daAuts
